 Dungeon Crawl Stone Soup version 0.32-a0-913-g739538afd8 (webtiles) character file.

Game seed: 14688383789202638834

504 SkeletonJelly the Chopper (level 6, -3/51 HPs)
             Began as a Minotaur Fighter on Apr 8, 2024.
             Slain by EvilEddieB's ghost (5 damage)
             ... on level 4 of the Dungeon.
             The game lasted 00:04:12 (1859 turns).

SkeletonJelly the Chopper (Minotaur Fighter)        Turns: 1859, Time: 00:04:13

Health: -3/51      AC:  6    Str: 23    XL:     6   Next: 96%
Magic:  5/5        EV:  8    Int:  5    God:
Gold:   208        SH:  5    Dex:  9    Spells: 5/5 levels left

rFire   + . .        a - +0 war axe
rCold   . . .        c - +1 buckler
rNeg    . . .        b - +0 scale mail
rPois   .            (helmet unavailable)
rElec   .            (no cloak)
rCorr   .            (no gloves)
SInv    .            (no boots)
Will    .....        (no amulet) Stlth
                     l - ring of protection from fire
HPRegen 0.28/turn    (no ring)
MPRegen 0.09/turn

%: no passive effects
@: no status effects
A: horns 3, retaliatory headbutt, frail 1
a: no special abilities


You were on level 4 of the Dungeon.
You visited 1 branch of the dungeon, and saw 4 of its levels.

You collected 208 gold pieces.

Inventory:

Hand Weapons
 a - a +0 war axe (weapon)
Armour
 b - a +0 scale mail (worn)
 c - a +1 buckler (worn)
Jewellery
 l - a ring of protection from fire (left hand)
 p - a ring of wizardry
Scrolls
 i - a scroll of enchant armour
Potions
 f - a potion of ambrosia
 g - a potion of curing
 h - a potion of heal wounds {unknown}
 j - a potion of enlightenment {unknown}
 o - 2 potions of invisibility {unknown}


   Skills:
 + Level 6.2 Fighting
 * Level 7.5 Axes
 - Level 3.6 Armour
 - Level 3.6 Shields


You had 5 spell levels left.
You didn't know any spells.
Your spell library was empty.

Dungeon Overview and Level Annotations

Branches:
Dungeon (4/15)
 Temple: D:4-7

Altars:

Annotations:
D:3 Crazy Yiuf
D:4 EvilEddieB's ghost, amateur DsNe


Innate Abilities, Weirdness & Mutations

You have a pair of large horns on your head.
You reflexively headbutt those who attack you in melee.
You are frail. (-10% HP)


Message History

You take 1 damage, and have 46/57 hp.
You feel sick.
You feel sick.
You take 1 damage, and have 45/57 hp.
You feel sick.
You take 1 damage, and have 44/57 hp.
You feel sick.
You take 1 damage, and have 43/57 hp.
You feel sick.
You are no longer poisoned.
The adder hisses angrily.
Found a scroll labelled WIKERE OF ORCHE.
EvilEddieB's ghost turns its malevolent gaze towards you.
You open the door. You miss the adder.
You headbutt the adder, but do no damage.
The adder closely misses you. The adder bites you but does no damage.
You completely miss the adder. You block the adder's attack.
The adder bites you but does no damage.
You closely miss the adder. The adder bites you but does no damage.
You hit the adder.
The adder is moderately wounded.
You block the adder's attack. The adder bites you.
You slash the adder!
You kill the adder!
EvilEddieB's ghost stares at you.
As you read the scroll labelled QIT NEIBAFOGISTAO, it crumbles to dust.
Your body is wracked with pain!
It was a scroll of torment.
EvilEddieB's ghost hits you.
You take 22 damage, and have 22/57 hp.
MASSIVE DAMAGE!!
You are confused.
You feel invigorated.
EvilEddieB's ghost hits you but does no damage.
You regained 5 hp, and now have 27/57 hp.
You bump into the translucent stone wall.
EvilEddieB's ghost casts a spell at you.
You barely resist.
You regained 3 hp, and now have 30/57 hp.
It was a potion of mutation.
You feel extremely strange.
You feel frail. The horns on your head grow some more.
EvilEddieB's ghost hits you but does no damage.
You regained 5 hp, and now have 35/51 hp.
It was a potion of curing.
You feel better.
You feel less invigorated. EvilEddieB's ghost hits you.
You regained 14 hp, and now have 49/51 hp.
EvilEddieB's ghost hits you but does no damage.
You barely miss EvilEddieB's ghost.
Your headbutt misses EvilEddieB's ghost.
EvilEddieB's ghost misses you. You furiously retaliate!
You headbutt EvilEddieB's ghost.
You hit EvilEddieB's ghost but do no damage.
EvilEddieB's ghost is lightly damaged.
EvilEddieB's ghost points at you and mumbles some strange words.
Pain shoots through your body!
You take 12 damage, and have 38/51 hp.
MASSIVE DAMAGE!!
You hit EvilEddieB's ghost.
Your headbutt misses EvilEddieB's ghost.
EvilEddieB's ghost is lightly damaged.
EvilEddieB's ghost barely misses you. You furiously retaliate!
You headbutt EvilEddieB's ghost. You closely miss EvilEddieB's ghost.
EvilEddieB's ghost is moderately damaged.
EvilEddieB's ghost screams, "Don't try to defend!
You have no chance!"
EvilEddieB's ghost gestures at you while chanting.
Pain shoots through your body! EvilEddieB's ghost hits you.
You take 8 damage, and have 31/51 hp.
You hit EvilEddieB's ghost but do no damage.
You headbutt EvilEddieB's ghost, but do no damage.
EvilEddieB's ghost is moderately damaged.
You hear the rusting of a distant drain.
EvilEddieB's ghost hits you.
You take 2 damage, and have 29/51 hp.
You barely miss EvilEddieB's ghost.
EvilEddieB's ghost is moderately damaged.
EvilEddieB's ghost gestures at you while chanting.
Pain shoots through your body!
You take 12 damage, and have 17/51 hp.
MASSIVE DAMAGE!!
You hit EvilEddieB's ghost.
EvilEddieB's ghost is moderately damaged.
EvilEddieB's ghost points at you and mumbles some strange words.
Pain shoots through your body!
* * * LOW HITPOINT WARNING * * *
You take 6 damage, and have 11/51 hp.
You hit EvilEddieB's ghost.
EvilEddieB's ghost is moderately damaged.
EvilEddieB's ghost closely misses you.
You hit EvilEddieB's ghost.
EvilEddieB's ghost is heavily damaged.
EvilEddieB's ghost hits you but does no damage.
You hit EvilEddieB's ghost.
EvilEddieB's ghost is heavily damaged.
EvilEddieB's ghost hits you.
* * * LOW HITPOINT WARNING * * *
EvilEddieB's ghost hits you.
* * * LOW HITPOINT WARNING * * *
You take 10 damage, and have 2/51 hp.
You slash EvilEddieB's ghost! You headbutt EvilEddieB's ghost.
EvilEddieB's ghost is almost destroyed.
EvilEddieB's ghost hits you.
You die...

......#.#. ..........
####...#. #...#. #.#.#.
##############.#...
.................#.
###.........†.#.#### #
##..@..........#.##.. #.
#..#W#.........#.##.#
#.####.##~#.........#.#
#.......#~#.........#.#
#.......#~###.......#.##.
#.......#~# #.#####.#.##.
#.......#?# #.# #.#.##.#
#.......#~# #.# .#....#
#.......#####.# .####..


You could see EvilEddieB's ghost.

Vanquished Creatures
  Sigmund (D:4)
  3 scorpions (D:4)
  A bombardier beetle (D:3)
  Jessica (D:3)
  5 adders
  3 ribbon worms
  A dart slug (D:2)
  An orc (D:3)
  8 ball pythons
  6 endoplasms
  A giant cockroach (D:3)
  6 goblins
  2 hobgoblins (D:1)
  7 jackals (D:1)
  7 kobolds
  A quokka (D:1)
  5 bats (D:1)
  2 frilled lizards
  6 rats
67 creatures vanquished.

Notes
Turn   | Place    | Note
-------+----------+-------------------------------------------
     0 | D:1      | SkeletonJelly the Minotaur Fighter began the quest for the
                  | Orb.
     0 | D:1      | Reached XP level 1. HP: 19/19 MP: 0/0
    47 | D:1      | Reached skill level 3 in Axes
    48 | D:1      | Reached XP level 2. HP: 24/27 MP: 1/1
   211 | D:1      | Reached XP level 3. HP: 22/33 MP: 2/2
   355 | D:1      | Found a faded altar of an unknown god.
   400 | D:1      | Reached skill level 4 in Axes
   882 | D:2      | Reached XP level 4. HP: 40/41 MP: 3/3
  1018 | D:3      | Noticed Jessica
  1022 | D:3      | Killed Jessica
  1031 | D:3      | Reached skill level 5 in Axes
  1208 | D:3      | Reached skill level 5 in Fighting
  1208 | D:3      | Reached XP level 5. HP: 36/48 MP: 4/4
  1452 | D:3      | Found a runed translucent door.
  1453 | D:3      | Noticed Crazy Yiuf
  1665 | D:4      | Reached skill level 6 in Axes
  1744 | D:4      | Noticed Sigmund
  1752 | D:4      | Killed Sigmund
  1753 | D:4      | Reached skill level 7 in Axes
  1753 | D:4      | Reached XP level 6. HP: 52/57 MP: 5/5
  1801 | D:4      | Found a runed translucent door.
  1836 | D:4      | Noticed EvilEddieB's ghost (amateur DsNe)
  1846 | D:4      | Gained mutation: You are frail. (-10% HP) [potion of
                  | mutation]
  1846 | D:4      | Gained mutation: You have a pair of large horns on your
                  | head. [potion of mutation]
  1858 | D:4      | HP: 2/51 [EvilEddieB's ghost (4)]
  1859 | D:4      | Slain by EvilEddieB's ghost

Illustrated notes

Levels and vault maps discovered:
D:1:      beargit_arrival_greenhouse, layout_rooms,
          dreamdust_ecumenical_altar_angels_and_demons
D:2:      layout_rooms, minmay_close_crescents
D:3:      layout_rooms, uniq_jessica, uniq_crazy_yiuf_cottage
D:4:      layout_basic, portal_sewer_entry_c, ebering_ghost_sewer_d,
          uniq_sigmund

Skill      XL: |  1  2  3  4  5  6 |
---------------+-------------------+-----
Axes           | 3 4 5 7 |  7.5
Fighting       | 4 5 6 |  6.2
Armour         | |  3.6
Shields        | |  3.6

Action                     |  1- 3 |  4- 6 || total
---------------------------+-------+-------++-------
  Melee: War axe           |    83 |    81 ||   164
         Headbutt          |    10 |    12 ||    22
    Use: Scroll            |       |     7 ||     7
         Potion            |       |     4 ||     4
 Armour: Scale mail        |    76 |    58 ||   134
  Dodge: Dodged            |    47 |    24 ||    71
  Block: Buckler           |    22 |    17 ||    39

Table legend: (Time is in decaauts)
 A = Elapsed time spent in this place.
 B = Non-inter-level travel time spent in this place.
 C = Inter-level travel time spent in this place.
 D = Time resting spent in this place.
 E = Time spent auto-exploring this place.
 F = Levels seen in this place.
 G = Mean time per level.
                   A        B        C        D        E       F      G
               +--------+--------+--------+--------+--------+-----+--------+
         Total |   1905 |   1863 |     42 |      5 |   1422 |   4 |  476.2 |
       Dungeon |   1905 |   1863 |     42 |      5 |   1422 |   4 |  476.2 |
               +--------+--------+--------+--------+--------+-----+--------+

Top non-repeatable levels by time:
     D:3: 668 daAuts
     D:1: 600 daAuts
     D:2: 377 daAuts
     D:4: 258 daAuts
